 Dungeon Crawl Stone Soup version 0.27.1-2-g3b301248ec (webtiles) character file.

Game seed: 14990688345980194084

1670 Crownlay the Fighter (level 8, -3/83 HPs)
             Began as a Minotaur Monk on Sept 22, 2021.
             Was a Follower of Uskayaw.
             Slain by a hornet (12 damage)
             ... on level 7 of the Dungeon.
             The game lasted 00:11:56 (7408 turns).

Crownlay the Fighter (Minotaur Monk)                Turns: 7408, Time: 00:11:56

Health: -3/83      AC:  6    Str: 15    XL:     8   Next: 69%
Magic:  7/7        EV: 11    Int:  7    God:    Uskayaw [*.....]
Gold:   247        SH:  0    Dex: 16    Spells: 7/7 levels left

rFire    . . .     SeeInvis .   b - +0 war axe
rCold    . . .     Faith    .   (no shield)
rNeg     . . .     Spirit   .   q - +0 scale mail
rPois    +         Reflect  .   (helmet restricted)
rElec    .         Harm     .   (no cloak)
rCorr    .         Rampage  .   (no gloves)
Will     .....                  (no boots)
Stlth    +.........             (no amulet)
HPRegen  0.23/turn              p - ring of flight
MPRegen  0.10/turn              v - ring of poison resistance

@: flying
A: horns 2, retaliatory headbutt
a: Renounce Religion, Stomp


You were on level 7 of the Dungeon.
You worshipped Uskayaw.
Uskayaw was noncommittal.
You visited 1 branch of the dungeon, and saw 7 of its levels.

You collected 247 gold pieces.

Inventory:

Hand Weapons
 b - a +0 war axe (weapon)
 r - a +0 morningstar
 t - a +2 dagger of electrocution
Missiles
 g - 6 atropa-tipped darts (quivered)
Armour
 a - a +0 buckler
 q - a +0 scale mail (worn)
Jewellery
 p - a ring of flight (left hand)
 v - a ring of poison resistance (right hand)
Wands
 k - a wand of flame (17)
 A - a wand of digging (7)
Scrolls
 d - 2 scrolls of enchant armour {unknown}
 j - 3 scrolls of teleportation {unknown}
 l - a scroll of fear {unknown}
 n - a scroll of vulnerability {unknown}
 o - a scroll of magic mapping {unknown}
 s - a scroll of blinking {unknown}
 u - a scroll of fog {unknown}
 y - a scroll of enchant weapon {unknown}
 z - a scroll of summoning {unknown}
 C - a scroll of holy word {unknown}
Potions
 c - a potion of cancellation {unknown}
 e - 4 potions of curing
 f - a potion of lignification {unknown}
 h - a potion of ambrosia {unknown}
 i - 4 potions of attraction {unknown}
 m - 2 potions of heal wounds {unknown}
 w - a potion of flight {unknown}
 x - a potion of mutation {unknown}
 B - a potion of haste {unknown}


   Skills:
 - Level 12.0 Fighting
 - Level 3.8 Long Blades
 * Level 5.1 Dodging
 - Level 1.8 Stealth
 - Level 4.0 Shields


You had 7 spell levels left.
You didn't know any spells.
Your spell library contained the following spells:

 Spells                   Type           Power      Damage    Failure   Level
 Animate Skeleton         Necr           0%         N/A       89%         1
 Apportation              Tloc           0%         N/A       89%         1
 Corona                   Hex            0%         N/A       89%         1
 Summon Small Mammal      Summ           0%         N/A       89%         1
 Corpse Rot               Necr/Air       N/A        N/A       96%         2
 Slow                     Hex            0%         N/A       96%         2
 Confusing Touch          Hex            0%         N/A       99%         3
 Dazzling Flash           Conj/Hex       0%         N/A       99%         3
 Ignite Poison            Fire/Tmut/Pois 0%         N/A       99%         3
 Mephitic Cloud           Conj/Pois/Air  0%         N/A       99%         3
 Agony                    Necr           0%         N/A       100%        5
 Bolt of Magma            Conj/Fire/Erth 0%         4d4       100%        5
 Silence                  Hex/Air        0%         N/A       100%        5
 Yara's Violent Unravell  Hex/Tmut       0%         3d3       100%        5
 Chain Lightning          Conj/Air       0%         N/A       100%        9


Dungeon Overview and Level Annotations

Branches:
Dungeon (7/15)             Temple (0/1) D:5

Altars:
Ashenzari
Dithmenos
Fedhas
Trog
Uskayaw
Vehumet

Shops:
D:1 *


Innate Abilities, Weirdness & Mutations

You have a pair of horns on your head.
You reflexively headbutt those who attack you in melee.


Message History

You kill the orc!
Things that are here:
a +0 dagger; a +0 robe; an orc corpse
Things that are here:
a +0 trident; a +0 dagger; an orc corpse You now have 247 gold pieces (gained 15).
Things that are here:
a +0 trident; a +0 dagger; an orc corpse
Things that are here:
a +0 dagger; a +0 robe; an orc corpse You can no longer pass through a line of other dancers.
A hornet comes into view.
The hornet buzzes angrily.
Okay, then.
Okay, then.
You feel better. The hornet stings you!
* * * LOW HITPOINT WARNING * * *
You hit the hornet but do no damage. The hornet stings you.
* * * LOW HITPOINT WARNING * * *
The hornet stings you!
* * * LOW HITPOINT WARNING * * *
You are lethally poisoned!
The hornet barely misses you. You furiously retaliate!
You headbutt the hornet, but do no damage.
Unknown command.
You feel better. The hornet stings you.
* * * LOW HITPOINT WARNING * * *
You slash the hornet!
The hornet is moderately wounded.
The hornet closely misses you. The hornet misses you.
You closely miss the hornet. You headbutt the hornet.
The hornet is moderately wounded.
The hornet stings you but does no damage.
The hornet stings you.
* * * LOW HITPOINT WARNING * * *
Okay, then.
You hit the hornet.
The hornet is heavily wounded.
The hornet stings you!
You die...

.# .. .###.
.?..######
###.......#
........#.#
........#<+
#.....@.#
##...y####+#
#.#)......#
#..)).####..
#!###).# ##
##....
......
.......
.......


You could see a hornet.

Vanquished Creatures
  4 black bears
  An ice beast (D:5)
  A centaur (D:5)
  A phantom (D:5)
  A water moccasin skeleton (D:4)
  A bullfrog zombie (D:5)
  6 hounds
  3 jellies
  A bullfrog skeleton (D:4)
  2 orc priests
  A centaur skeleton (D:4)
  An iguana (D:5)
  7 orc wizards
  A hound zombie (D:5)
  A howler monkey zombie (D:6)
  Robin (D:2)
  4 gnolls
  10 adders
  2 white imps (D:5)
  3 worms
  2 dart slugs
  19 orcs
  17 ball pythons
  9 endoplasms
  5 giant cockroaches
  15 goblins
  12 hobgoblins
  3 jackals (D:1)
  10 kobolds
  5 quokkas
  13 bats
  A frilled lizard (D:2)
  4 rats
167 creatures vanquished.

Vanquished Creatures (others)
  A scorpion (D:5)
1 creature vanquished.

Grand Total: 168 creatures vanquished

Notes
Turn   | Place    | Note
-------+----------+-------------------------------------------
     0 | D:1      | Crownlay the Minotaur Monk began the quest for the Orb.
     0 | D:1      | Reached XP level 1. HP: 19/19 MP: 0/0
    59 | D:1      | Reached XP level 2. HP: 27/27 MP: 1/1
    91 | D:1      | Reached skill level 4 in Fighting
   363 | D:1      | Got the Grimoire of Feathers
   464 | D:1      | Found Degupo's General Store.
   482 | D:1      | Found a faded altar of an unknown god.
   564 | D:1      | Reached XP level 3. HP: 29/34 MP: 2/2
   919 | D:2      | Reached skill level 5 in Fighting
   922 | D:2      | Reached XP level 4. HP: 21/42 MP: 3/3
  1137 | D:2      | Reached skill level 6 in Fighting
  1355 | D:2      | Found a hide-covered altar of Uskayaw.
  1484 | D:2      | Became a worshipper of Uskayaw the Reveller
  1484 | D:2      | Reached * piety under Uskayaw
  1753 | D:2      | Reached ** piety under Uskayaw
  1754 | D:2      | Reached XP level 5. HP: 51/51 MP: 4/4
  1760 | D:2      | Reached *** piety under Uskayaw
  2244 | D:3      | Noticed Robin
  2245 | D:3      | Reached skill level 7 in Fighting
  2521 | D:2      | HP: 2/49 [Robin/puff of flame (6)]
  2522 | D:2      | Killed Robin
  3372 | D:3      | Reached XP level 6. HP: 61/61 MP: 5/5
  3653 | D:4      | Reached skill level 8 in Fighting
  4101 | D:4      | Reached **** piety under Uskayaw
  4102 | D:4      | Reached skill level 9 in Fighting
  4301 | D:4      | Reached XP level 7. HP: 32/70 MP: 6/6
  4656 | D:5      | Entered Level 5 of the Dungeon
  5027 | D:5      | Found a staircase to the Ecumenical Temple.
  5150 | D:5      | Reached skill level 10 in Fighting
  5395 | D:5      | Found a shadowy altar of Dithmenos.
  5395 | D:5      | Found a bloodstained altar of Trog.
  5396 | D:5      | Found a radiant altar of Vehumet.
  5464 | D:5      | Found a blossoming altar of Fedhas.
  5479 | D:5      | Reached XP level 8. HP: 71/81 MP: 7/7
  5729 | D:5      | Reached skill level 11 in Fighting
  5925 | D:5      | HP: 3/82 [acid (5)]
  6654 | D:6      | Found a broken altar of Ashenzari.
  7018 | D:6      | Reached skill level 12 in Fighting
  7372 | D:7      | Reached skill level 5 in Dodging
  7399 | D:7      | Noticed a hornet
  7404 | D:7      | HP: 3/83 [hornet (13)]
  7408 | D:7      | Slain by a hornet

Illustrated notes

Levels and vault maps discovered:
D:1:      shiori_arrival_oz, layout_basic, serial_shops, shop,
          shapermc_ecumenical_altar_hornbeckon
D:2:      minmay_evil_eye, layout_loops_cross, basic_altar,
          minmay_shallow_snake_nest
D:3:      layout_rooms, uniq_robin
D:4:      layout_loops_cross, st_stairs_12, corner_web_ring
D:5:      kennysheep_six_static_rooms, layout_basic, general_overflow_altar,
          gammafunk_temple_overflow_claw, minmay_temple_entry_tees
D:6:      layout_basic, mainiacjoe_overflow_cross_hatched, roderic_batcave
D:7:      layout_basic, nicolae_ru_awakened_eye, minmay_joined_circles

Skill      XL: |  1  2  3  4  5  6  7  8 |
---------------+-------------------------+-----
Fighting       | 4 5 6 7 9 10 12 | 12.0
Shields        | 2 4 |  4.0
Dodging        | 5 |  5.1
Long Blades    | |  3.8
Stealth        | |  1.8

Action                   |  1- 3 |  4- 6 |  7- 9 || total
-------------------------+-------+-------+-------++-------
Melee: Falchion          |    69 |   136 |       ||   205
       Headbutt          |    14 |    31 |    31 ||    76
       War axe           |       |    23 |   133 ||   156
  Use: Potion            |       |       |     2 ||     2
 Stab: Sleeping          |     3 |     3 |       ||     6
       Paralysed         |       |     5 |    12 ||    17
       Distracted        |       |     2 |       ||     2
Armor: Robe              |    12 |    17 |       ||    29
       Scale mail        |       |    25 |   101 ||   126
Dodge: Dodged            |    44 |   151 |   129 ||   324
       Rpst.: Falchion   |    16 |    23 |       ||    39
